 Dungeon Sprint DCSS version 0.24-a0-243-g8f5f5cd (webtiles) character file.

Game seed: 1261898884160458557

22792 MikeHunt the Imperceptible (level 13, -23/190 HPs)
             Began as a Naga Assassin on Apr 10, 2019.
             Was an Initiate of Gozag.
             Annihilated by a death yak (40 damage)
             ... summoned by a spriggan berserker
             ... in the Dungeon (Sprint IV: "Fedhas' Mad Dash").
             The game lasted 00:30:00 (5207 turns).

MikeHunt the Imperceptible (Naga Assassin)          Turns: 5207, Time: 00:30:01

Health: -23/190    AC: 13    Str: 22    XL:     13   Next: 2%
Magic:  25/25      EV: 19    Int: 11    God:    Gozag
Gold:   792        SH:  5    Dex: 18    Spells: 11/19 levels left

rFire    . . .     SeeInvis +   a - +2 short sword "Murghiji" {pierce, rElec Str+3}
rCold    . . .     Gourm    .   c - +0 buckler
rNeg     + . .     Faith    .   y - +2 robe {rN+}
rPois    +         Spirit   .   C - +2 helmet {SInv}
rElec    +         Reflect  .   d - +0 cloak
rCorr    .         Harm     .   B - +1 pair of gloves of Watchfulness {MR+ SInv}
MR       ++...     NoTele   +   (no barding)
Stlth    ..........             l - amulet of invisibility {+Inv}
HPRegen  0.41/turn              t - +1 ring of evasion
MPRegen  0.19/turn              (no ring)

@: berserking, quick
A: large, see invisible, deformed body, poison resistance, slowness 2, slow
metabolism 1, spit poison 1, constrict 1, AC +4
a: Spit Poison, Potion Petition, Call Merchant, Bribe Branch, Renounce Religion,
Evoke Invisibility


You were in the Dungeon.
You worshipped Gozag.
Gozag was pleased with you.
You were not hungry.

You visited 1 branch You collected 5036 gold pieces.
You spent 3964 gold pieces at shops.
You paid 280 gold pieces to Gozag.

Inventory:

Hand Weapons
 a - the +2 short sword "Murghiji" (weapon) {pierce, rElec Str+3}
   (You found it in the Dungeon)

   It inflicts extra damage upon your enemies.
   It affects your strength (+3).
   It insulates you from electricity.
 b - a +0 blowgun
 i - the +8 storm bow {elec, penet}
   (You took it off a spriggan in the Dungeon)

   It charges the ammunition it shoots with electricity; occasionally upon a
   hit, such missiles may discharge and cause terrible harm.
 n - the +4 arbalest "Sinar" {elec, rC+ MR+ Stlth+, unknown}
   (You found it in the Dungeon)

   It charges the ammunition it shoots with electricity; occasionally upon a
   hit, such missiles may discharge and cause terrible harm.
   It protects you from cold.
   It affects your resistance to hostile enchantments.
   It makes you more stealthy.
 p - a +0 rapier
 q - a +2 dagger
 x - a +1 vampiric lajatang {!w}
 z - a +0 vampiric rapier {!w}
 A - a +0 dagger of venom
Missiles
 e - 23 poisoned needles
 f - 2 curare-tipped needles
 E - 22 arrows
Armour
 c - a +0 buckler (worn)
 d - a +0 cloak (worn)
 s - a +1 plate armour of fire resistance
 y - a +2 robe of positive energy (worn)
 B - the +1 pair of gloves of Watchfulness (worn) {MR+ SInv}
   (You bought it in a shop in the Dungeon)

   It affects your resistance to hostile enchantments.
   It lets you see invisible.
 C - a +2 helmet of see invisible (worn)
Jewellery
 l - the amulet of invisibility (around neck) {+Inv}
   (You found it in the Dungeon)

   [amulet of nothing]

   It lets you turn invisible.
 t - a +1 ring of evasion (left hand)
 v - the amulet of Yrghatze {Inacc rPois MR+ Str-2 SInv}
   (You found it in the Dungeon)

   [amulet of inaccuracy]

   It reduces the accuracy of all your attacks.
   It affects your strength (-2).
   It protects you from poison.
   It affects your resistance to hostile enchantments.
   It lets you see invisible.
Wands
 r - a wand of iceblast (4)
 F - a wand of disintegration (7)
 I - a wand of polymorph (5)
 J - a wand of flame (19)
Scrolls
 o - 2 scrolls of remove curse
Potions
 j - 2 potions of haste
 k - 2 potions of magic
 w - 2 potions of invisibility
Miscellaneous
 u - a lightning rod (1/4)
 G - a phial of floods
 H - a lamp of fire
Comestibles
 g - 2 rations


   Skills:
 - Level 11.2 Fighting
 - Level 12.4 Short Blades
 - Level 7.1 Throwing
 - Level 10.8 Dodging
 - Level 22.8 Stealth
 - Level 3.1 Shields
 + Level 3.6 Spellcasting
 + Level 4.0 Conjurations
 * Level 5.9 Hexes
 + Level 4.0 Ice Magic
 - Level 16.3 Evocations


You had 11 spell levels left.
You knew the following spells:

 Your Spells              Type           Power        Failure   Level  Hunger
a - Dazzling Spray        Conj/Hex       ##....       10%         3    ###....
b - Ensorcelled Hibernat  Hex/Ice        ##....       4%          2    ##.....
c - Confuse               Hex            ###.....     6%          3    ###....

Your spell library contained the following spells:

 Spells                   Type           Power        Failure   Level  Hunger
 Confusing Touch          Hex            ###...       2%          1    #......
 Corona                   Hex            ###....      2%          1    #......
 Tukima's Dance           Hex            ###.....     6%          3    ###....
 Animate Skeleton         Necr           N/A          24%         1    #......
 Apportation              Tloc           #.....       24%         1    #......
 Summon Small Mammal      Summ           #...         24%         1    #......
 Recall                   Summ/Tloc      N/A          58%         3    ###....
 Animate Dead             Necr           N/A          94%         4    #####..
 Borgnjor's Vile Clutch   Necr/Erth      #.........   100%        5    ######.
 Death Channel            Necr           #.........   100%        6    #######
 Simulacrum               Ice/Necr       #.........   100%        6    #######


Dungeon Overview and Level Annotations

Branches:
Dungeon (1/1)

Altars:
Cheibriados
Dithmenos
Elyvilon
Gozag
Hepliaklqana
Kikubaaqudgha
Makhleb
Nemelex Xobeh
Okawaru
Qazlal
Ru
Sif Muna
Trog
Uskayaw
Vehumet
Wu Jian
Xom
Yredelemnul
Zin
The Shining One
Beogh
Jiyva
Lugonu

Shops:
D !%([[*:?}}?**}:****[[


Innate Abilities, Weirdness & Mutations

You cannot wear boots.
Your serpentine skin is tough. (AC +4)
You have supernaturally acute eyesight. (SInv)
Armour fits poorly on your strangely shaped body.
Your system is resistant to poisons. (rPois)
You cover ground very slowly.
You have a slow metabolism.
You can spit poison.
You can use your snake-like lower body to constrict enemies.


Message History

You puncture the death yak!
The death yak is lightly wounded.
You block the death yak's attack.
You hit the death yak.
The death yak is lightly wounded.
You barely miss the death yak.
The death yak is lightly wounded.
You are hit by a branch!!
* * * LOW HITPOINT WARNING * * *
The death yak gores you!!
* * * LOW HITPOINT WARNING * * *
The spriggan druid gestures wildly while chanting.
The spriggan druid is healed somewhat.
You impale the death yak!!
The death yak is moderately wounded.
You puncture the death yak!
The death yak is heavily wounded.
The death yak gores you!!!
You die...
Your body crumbles into a pile of gold.

.'........[##...P..'.#
.#####P....'..)....### .#
##################
.#####∩∩∩#............#########
.'...!∩.∩'............'.......#
.#####∩∩∩#............#######.#
## ########################.#
.♣..♣.h♣..♣..♣..♣..♣..#
...(i(iY@.......))....#
.♣..♣.i♣..♣..♣..♣.)♣..#
###################


You could see a death yak (berserk), 2 spriggan berserkers, a polar bear
(berserk) and a spriggan druid.

Vanquished Creatures
  Agnes (D)
  2 ghost moths (D)
  3 spriggan defenders (D)
  2 spriggan berserkers (D)
  2 spriggan druids (D)
  23 oklob plants (D)
  3 demonic crawlers (D)
  3 burning bushes (D)
  A queen bee (D)
  6 hornets (D)
  3 wandering mushrooms (D)
  2 scorpions (D)
  4 killer bees (D)
  5 oklob saplings (D)
  2 worker ants (D)
  8 spriggans (D)
  A river rat (D)
  A rat (D)
  2 ballistomycetes (D)
  A ballistomycete spore (D)
  A bush (D)
76 creatures vanquished.

Vanquished Creatures (others)
  A ballistomycete spore (D)
  2 fungi (D)
3 creatures vanquished.

Grand Total: 79 creatures vanquished

Notes
Turn   | Place    | Note
-------+----------+-------------------------------------------
     0 | D        | MikeHunt the Naga Assassin began the quest for the Orb.
     0 | D        | Reached XP level 1. HP: 19/19 MP: 1/1
    10 | D        | Reached skill level 7 in Stealth
    10 | D        | Reached XP level 2. HP: 24/26 MP: 2/2
    55 | D        | Noticed an oklob sapling
   164 | D        | Killed an oklob sapling
   164 | D        | Reached skill level 9 in Stealth
   164 | D        | Reached XP level 3. HP: 32/32 MP: 3/3
   270 | D        | Found the amulet of invisibility {+Inv}
   271 | D        | Reached skill level 5 in Short Blades
   271 | D        | Reached skill level 10 in Stealth
   271 | D        | Reached XP level 4. HP: 39/39 MP: 4/4
   290 | D        | Found an opulent altar of Gozag.
   290 | D        | Found a hazy altar of Hepliaklqana.
   290 | D        | Found a burning altar of Makhleb.
   290 | D        | Found a sparkling altar of Nemelex Xobeh.
   290 | D        | Found a sacrificial altar of Ru.
   290 | D        | Found a deep blue altar of Sif Muna.
   290 | D        | Found an ornate altar of the Wu Jian Council.
   290 | D        | Found a shimmering altar of Xom.
   290 | D        | Found a basalt altar of Yredelemnul.
   291 | D        | Found a viscous altar of Jiyva.
   291 | D        | Found a roughly hewn altar of Beogh.
   291 | D        | Found a snail-covered altar of Cheibriados.
   291 | D        | Found a bloodstained altar of Trog.
   291 | D        | Noticed an oklob sapling priest
   292 | D        | Found an iron altar of Okawaru.
   292 | D        | Found a shadowy altar of Dithmenos.
   292 | D        | Found a glowing silver altar of Zin.
   293 | D        | Found an ancient bone altar of Kikubaaqudgha.
   293 | D        | Found a hide-covered altar of Uskayaw.
   294 | D        | Found a stormy altar of Qazlal.
   294 | D        | Found a white marble altar of Elyvilon.
   294 | D        | Found a glowing golden altar of the Shining One.
   295 | D        | Became a worshipper of Gozag Ym Sagoz the Greedy
   296 | D        | Found a radiant altar of Vehumet.
   296 | D        | Found a corrupted altar of Lugonu.
   299 | D        | Killed an oklob sapling priest
   299 | D        | Reached skill level 11 in Stealth
   428 | D        | Reached skill level 12 in Stealth
   428 | D        | Reached XP level 5. HP: 45/45 MP: 6/8
   457 | D        | Reached skill level 5 in Evocations
   469 | D        | Noticed a queen bee
   589 | D        | Killed a queen bee
   589 | D        | Reached skill level 14 in Stealth
   589 | D        | Reached XP level 6. HP: 52/52 MP: 7/11
   590 | D        | Reached skill level 1 in Dodging
   591 | D        | Reached XP level 7. HP: 60/60 MP: 7/12
   593 | D        | Reached skill level 15 in Stealth
   608 | D        | Noticed an oklob plant
   611 | D        | Killed an oklob plant
   611 | D        | Reached skill level 10 in Short Blades
   611 | D        | Reached skill level 16 in Stealth
   611 | D        | Reached XP level 8. HP: 67/67 MP: 10/13
   625 | D        | Noticed a burning bush
   757 | D        | Reached skill level 5 in Dodging
   779 | D        | Found Kihif's Book Shop.
   779 | D        | Found Togh's Gadget Emporium.
   783 | D        | Bought a wand of iceblast (8) for 168 gold pieces
   786 | D        | Noticed a burning bush
   786 | D        | Noticed a wandering mushroom
   790 | D        | Noticed a wandering mushroom
   792 | D        | Killed a wandering mushroom
   795 | D        | Killed a burning bush
   795 | D        | Reached skill level 10 in Evocations
   797 | D        | Killed a wandering mushroom
   797 | D        | Reached XP level 9. HP: 73/73 MP: 12/17
   812 | D        | Found Vacucwys's General Store.
   812 | D        | Found Seapneyr's Assorted Antiques.
   819 | D        | Bought a +1 ring of evasion for 42 gold pieces
   831 | D        | Bought a lightning rod (4/4) for 560 gold pieces
   865 | D        | Killed a burning bush
   883 | D        | Noticed a burning bush
   883 | D        | Noticed an oklob plant
   884 | D        | Noticed a wandering mushroom
  1076 | D        | Killed a wandering mushroom
  1375 | D        | Killed a burning bush
  1383 | D        | Killed an oklob plant
  1623 | D        | Noticed a spriggan druid
  1624 | D        | Killed a spriggan druid
  1624 | D        | Reached skill level 15 in Evocations
  1624 | D        | Reached XP level 10. HP: 80/80 MP: 19/21
  1641 | D        | Noticed an oklob plant conjurer
  1642 | D        | Killed an oklob plant conjurer
  1642 | D        | Reached skill level 17 in Stealth
  1765 | D        | Noticed an oklob plant
  1765 | D        | Noticed an oklob plant summoner
  1769 | D        | Noticed an oklob plant shifter
  1814 | D        | Killed an oklob plant
  1990 | D        | Noticed Agnes
  1992 | D        | Found Goobap's General Store.
  1992 | D        | Noticed a spriggan berserker
  1994 | D        | Found Cuschuse's General Store.
  1996 | D        | Killed Agnes
  1996 | D        | Reached skill level 18 in Stealth
  2003 | D        | Killed a spriggan berserker
  2003 | D        | Reached skill level 19 in Stealth
  2007 | D        | Noticed a spriggan rider
  2043 | D        | Noticed a spriggan defender
  2051 | D        | Killed a spriggan defender
  2051 | D        | Reached XP level 11. HP: 40/103 MP: 22/22
  2246 | D        | Bought 8 poisoned needles for 38 gold pieces
  2246 | D        | Bought a potion of haste for 120 gold pieces
  2264 | D        | Killed an oklob plant summoner
  2280 | D        | Killed an oklob plant shifter
  2517 | D        | Reached skill level 1 in Shields
  2743 | D        | Noticed a spriggan rider
  2744 | D        | Found Onuxu's Armour Emporium.
  2771 | D        | Found Caafeseu's Armour Shoppe.
  3095 | D        | Got a slimy short sword
  3097 | D        | Identified the +2 short sword "Murghiji" {pierce, rElec
                  | Str+3} (You found it in the Dungeon)
  3104 | D        | Bought the +1 pair of gloves of Watchfulness {MR+ SInv} for
                  | 315 gold pieces
  3111 | D        | Bought a +2 helmet of see invisible for 236 gold pieces
  3200 | D        | Bought a ration for 70 gold pieces
  3200 | D        | Bought a wand of acid (7) for 308 gold pieces
  3298 | D        | Reached skill level 20 in Stealth
  3543 | D        | Noticed a ghost moth
  3545 | D        | Reached skill level 5 in Throwing
  3549 | D        | Killed a ghost moth
  3549 | D        | Reached skill level 21 in Stealth
  3550 | D        | Found Moedwiomn's Food Boutique.
  3550 | D        | Found Aganwuh's Weapon Emporium.
  3550 | D        | Found Qeyd's Distillery.
  3696 | D        | Noticed an oklob plant shifter
  3696 | D        | Noticed an oklob plant meteorologist
  3705 | D        | Killed an oklob plant meteorologist
  3716 | D        | Killed an oklob plant shifter
  3728 | D        | Noticed a spriggan rider
  3739 | D        | Killed a spriggan rider
  4034 | D        | Found Edobaah's Armour Shoppe.
  4034 | D        | Found Cion's Assorted Antiques.
  4034 | D        | Found Hooseunu's Armour Shop.
  4034 | D        | Found Elutof's Magic Scroll Emporium.
  4034 | D        | Found Cahesche's Book Shoppe.
  4035 | D        | Found Haromov's Gadget Emporium.
  4035 | D        | Found Cyununk's Magic Scroll Shop.
  4035 | D        | Found Buxo's Gadget Boutique.
  4050 | D        | Bought a wand of iceblast (8) for 168 gold pieces
  4050 | D        | Bought a wand of disintegration (7) for 154 gold pieces
  4050 | D        | Bought a phial of floods for 560 gold pieces
  4050 | D        | Bought a lamp of fire for 560 gold pieces
  4055 | D        | Bought a shiny lead wand for 112 gold pieces
  4055 | D        | Bought a scroll labeled VEOL MIXES ULA for 28 gold pieces
  4055 | D        | Bought a scroll labeled RERUXTUC OSEPS for 28 gold pieces
  4065 | D        | Noticed an oklob plant
  4065 | D        | Noticed an oklob plant
  4065 | D        | Noticed an oklob plant
  4065 | D        | Noticed an oklob plant
  4065 | D        | Noticed an oklob plant
  4065 | D        | Noticed an oklob plant
  4067 | D        | Noticed an oklob plant
  4068 | D        | Killed an oklob plant
  4068 | D        | Reached XP level 12. HP: 114/114 MP: 20/23
  4078 | D        | Reached skill level 10 in Fighting
  4078 | D        | Reached skill level 10 in Dodging
  4081 | D        | Reached skill level 22 in Stealth
  4319 | D        | Found Pegy's General Store.
  4320 | D        | Found Yddont Hamel's Assorted Antiques.
  4331 | D        | Noticed a spriggan berserker
  4334 | D        | Noticed a death yak
  4336 | D        | Killed a spriggan berserker
  4351 | D        | Got a jewelled arbalest
  4562 | D        | Got a coiled bone amulet
  4564 | D        | Identified the amulet of Yrghatze {Inacc rPois MR+ Str-2
                  | SInv} (You found it in the Dungeon)
  4682 | D        | Bought a book of Maledictions for 350 gold pieces
  4686 | D        | Learned a level 3 spell: Dazzling Spray
  4689 | D        | Learned a level 2 spell: Ensorcelled Hibernation
  4693 | D        | Learned a level 3 spell: Confuse
  4694 | D        | Bought a wand of flame (19) for 147 gold pieces
  4821 | D        | Noticed a spriggan defender
  4821 | D        | Noticed a spriggan defender
  4826 | D        | Noticed a ghost moth
  4829 | D        | Killed a spriggan defender
  4829 | D        | Reached skill level 1 in Spellcasting
  4834 | D        | Killed a spriggan defender
  4847 | D        | Killed a ghost moth
  4847 | D        | Reached skill level 5 in Hexes
  4847 | D        | Gained mutation: You can use your snake-like lower body to
                  | constrict enemies. [Naga growth]
  4847 | D        | Reached XP level 13. HP: 32/127 MP: 10/25
  5207 | D        | Annihilated by a death yak

Levels and vault maps discovered:
D:        dungeon_sprint_fedhas [sprint_temple]

Skill      XL: |  1  2  3  4  5  6  7  8  9 10 11 12 |
---------------+-------------------------------------+-----
Short Blades   | 3 4 5 8 10 12 | 12.4
Stealth        | 7 9 10 12 14 16 19 21 22 | 22.8
Evocations     | 4 7 11 15 16 | 16.3
Dodging        | 2 4 5 8 9 10 | 10.8
Fighting       | 8 9 11 | 11.2
Throwing       | 7 |  7.1
Shields        | 3 |  3.1
Spellcasting   | 3 |  3.6
Conjurations   | 4 |  4.0
Hexes          | 5 |  5.9
Ice Magic      | 4 |  4.0

Action                   |  1- 3 |  4- 6 |  7- 9 | 10-12 | 13-15 || total
-------------------------+-------+-------+-------+-------+-------++-------
Melee: Dagger            |    10 |     6 |    19 |    80 |       ||   115
       Rapier            |       |       |    34 |       |       ||    34
       Short sword       |       |       |       |    39 |    11 ||    50
 Fire: Blowgun           |       |       |       |    15 |     3 ||    18
Invok: Potion Petition   |       |       |       |     1 |     1 ||     2
 Abil: Spit Poison       |     1 |       |       |     2 |       ||     3
       Evoke Invisibilit |       |     3 |     3 |     5 |       ||    11
Evoke: Wand              |       |       |     4 |    15 |       ||    19
       Lightning rod     |       |       |       |    26 |     3 ||    29
       Phial of floods   |       |       |       |     2 |       ||     2
  Use: Potion            |     1 |       |       |     2 |       ||     3
       Scroll            |       |       |       |     6 |       ||     6
 Stab: Sleeping          |     1 |     6 |    11 |    15 |       ||    33
       Invisible         |       |       |     5 |     9 |       ||    14
       Distracted        |       |       |     1 |       |       ||     1
  Eat: Ration            |       |       |     1 |     3 |       ||     4
Armor: Robe              |     1 |       |       |    19 |     1 ||    21
Dodge: Dodged            |       |       |     3 |    63 |     5 ||    71
Block: Buckler           |       |       |       |    12 |     2 ||    14

Table legend:
 A = Non-vault XP
 B = Vault XP
 C = Vault XP percentage of total XP
 D = Non-vault monster count
 E = Vault monster count
 F = Vault count percentage of total count
                 A         B        C        D         E       F
            +---------+---------+-------+---------+---------+-------
      Total |     850 |   31711 |  97.4 |       3 |      69 |  95.8
            +---------+---------+-------+---------+---------+-------
          D |     850 |   31711 |  97.4 |       3 |      69 |  95.8
            +---------+---------+-------+---------+---------+-------
